 Dungeon Crawl Stone Soup version 0.29-a0-451-gfbfa42419e (webtiles) character file.

Game seed: 17877532295093371369

686 Nospoo the Scholar of Death (level 7, -1/52 HPs)
             Began as a Demonspawn Necromancer on May 19, 2022.
             Was a Follower of Kikubaaqudgha.
             Slain by a human
             ... wielding a +0 flail
              (10 damage)
             ... on level 6 of the Dungeon.
             The game lasted 00:08:56 (6942 turns).

Nospoo the Scholar of Death (DsNe)                  Turns: 6942, Time: 00:08:57

Health: -1/52      AC: 10    Str: 18    XL:     7   Next: 35%
Magic:  13/13      EV: 11    Int: 25    God:    Kikubaaqudgha [*.....]
Gold:   197        SH:  0    Dex: 13    Spells: 10/14 levels left

rFire   . . .      SeeInvis .   x - +1 dagger (venom)
rCold   . . .      Faith    +   (no shield)
rNeg    . . .      Spirit   .   s - +1 ring mail of Necraetsamu {+Blink rPois Str+4}
rPois   +          Reflect  .   (helmet restricted)
rElec   .          Harm     .   e - +0 cloak
rCorr   .          Rampage  .   (no gloves)
Will    .....                   q - +0 pair of boots
Stlth   +.........              u - amulet of faith {!P}
HPRegen 0.17/turn               k - +6 ring of intelligence
MPRegen 0.13/turn               F - +6 ring of strength

@: no status effects
A: antennae 1, thin metallic scales 1, powered by death 1
a: Renounce Religion, Evoke Blink, Unearth Wretches


You were on level 6 of the Dungeon.
You worshipped Kikubaaqudgha.
Kikubaaqudgha was aware of your devotion.
You visited 1 branch of the dungeon, and saw 6 of its levels.

You collected 197 gold pieces.

Inventory:

Hand Weapons
 c - a +0 hand axe
   (You found it on level 1 of the Dungeon)
 h - a +0 short sword of freezing
   (You took it off a kobold on level 1 of the Dungeon)
 x - a +1 dagger of venom (weapon)
   (You took it off an orc on level 4 of the Dungeon)
Armour
 a - a +0 robe
 d - a +0 helmet
   (You found it on level 1 of the Dungeon)
 e - a +0 cloak (worn)
   (You found it on level 2 of the Dungeon)
 q - a +0 pair of boots (worn)
   (You found it on level 2 of the Dungeon)
 s - the +1 ring mail of Necraetsamu (worn) {+Blink rPois Str+4}
   (You found it on level 3 of the Dungeon)

   Str:       It affects your strength (+4).
   rPois:     It protects you from poison.
   +Blink:    It lets you blink.
 B - the +1 robe of Yredelemnul, Flying {rC+ Regen+ Int+3}
   (You found it on level 4 of the Dungeon)

   Int:       It affects your intelligence (+3).
   rC:        It protects you from cold.
   Regen:     It increases your rate of health regeneration.
Jewellery
 k - a +6 ring of intelligence (left hand)
   (You found it on level 1 of the Dungeon)
 l - a ring of fire
   (You found it on level 2 of the Dungeon)
 u - an amulet of faith (around neck) {!P}
   (You found it on level 3 of the Dungeon)
 F - a +6 ring of strength (right hand)
   (You found it on level 5 of the Dungeon)
Scrolls
 f - 4 scrolls of teleportation {@r4}
 g - a scroll of magic mapping {unknown}
 i - 2 scrolls of enchant weapon {unknown}
 j - 2 scrolls of blinking {unknown}
 m - 2 scrolls of enchant armour {unknown}
 o - 4 scrolls of identify {unknown}
 r - a scroll of torment {unknown}
 v - a scroll of immolation {unknown}
 w - a scroll of noise {unknown}
 y - a scroll of acquirement {unknown}
 z - a scroll of fog {unknown}
 D - a scroll of amnesia {unknown}
 H - 2 scrolls of poison {unknown}
Potions
 b - a potion of magic
 n - 3 potions of heal wounds {@q2}
 p - a potion of haste {unknown}
 t - 3 potions of curing {@q1}
 A - 3 potions of degeneration {unknown}
 C - a potion of mutation {unknown}
 E - 2 potions of lignification {unknown}
 G - a potion of attraction {unknown}


   Skills:
 + Level 3.5 Fighting
 - Level 1.7 Dodging
 - Level 1.7 Stealth
 - Level 4.0 Spellcasting
 - Level 8.0 Necromancy


You had 10 spell levels left.
You knew the following spells:

 Your Spells              Type           Power      Damage    Failure   Level
a - Necrotize             Necr           100%       1d9       1%          1
q - Vampiric Draining     Necr           45%        2d9       1%          3

Your spell library contained the following spells:

 Spells                   Type           Power      Damage    Failure   Level
 Animate Dead             Necr           45%        N/A       6%          4
 Agony                    Necr           45%        N/A       17%         5
 Anguish                  Hex/Necr       12%        N/A       30%         4
 Summon Forest            Summ/Tloc      2%         N/A       99%         5
 Eringya's Noxious Bog    Tmut/Pois      2%         N/A       100%        6
 Summon Hydra             Summ           2%         N/A       100%        7


Dungeon Overview and Level Annotations

Branches:
Dungeon (6/15)             Temple (0/1) D:6

Altars:
Kikubaaqudgha

Shops:
D:3 :

Annotations:
D:5 Eustachio


Innate Abilities, Weirdness & Mutations

You have a pair of small antennae on your head.
You are partially covered in thin metallic scales. (AC +2)
You regenerate a little health from kills.


Message History

Kikubaaqudgha accepts your kill.
Your Fighting skill increases to level 3!
Unknown command.
(D) Dungeon (T) Temple
Where to? (Enter - D:5 @ (x,y), ? - help)
There is a stone staircase leading down here.
Your +0 short sword of freezing stops glowing.
Your +1 dagger of venom begins to drip with poison!
x - a +1 dagger of venom (weapon)
You climb downwards.
There is a stone staircase leading up here.
Unknown command.
You sense a monster nearby.
A human is nearby!
The human shouts!
You hear a shout!
You climb upwards.
Level annotation: Eustachio Eustachio gestures wildly while chanting.
Eustachio blinks!
There is a stone staircase leading down here.
Eustachio is nearby!
You climb downwards.
The human barely misses you.
There is a stone staircase leading up here.
You hit the human but do no damage. The human hits you with a +0 flail.
You miss the human. The human hits you with a +0 flail.
You closely miss the human. The human hits you with a +0 flail!
Unknown command.
You closely miss the human. The human completely misses you.
You hit the human but do no damage.
The human is poisoned.
The human hits you with a +0 flail.
Unknown command.
You barely miss the human. The human closely misses you.
You hit the human but do no damage.
The human looks as sick as possible!
The human hits you with a +0 flail.
You hit the human.
The human looks as sick as possible!
The human hits you with a +0 flail.
* * * LOW HITPOINT WARNING * * *
You closely miss the human. The human hits you with a +0 flail.
* * * LOW HITPOINT WARNING * * *
You hit the human but do no damage. The human closely misses you.
You closely miss the human. The human hits you but does no damage.
You closely miss the human. The human hits you with a +0 flail.
* * * LOW HITPOINT WARNING * * *
You closely miss the human. The human hits you but does no damage.
You hit the human. The human hits you with a +0 flail!
* * * LOW HITPOINT WARNING * * *
You barely miss the human. The human closely misses you.
You hit the human but do no damage. The human hits you with a +0 flail!
You die...
Kikubaaqudgha rasps: "You have failed me!
Welcome... death!"

#
..###.####.#
......p@...#
..##..####.#
#.. ... #.#
#


You could see a human (very poisoned).

Vanquished Creatures
  A human (D:6)
  An ice beast (D:5)
  A phantom (D:5)
  A bullfrog (D:6)
  A scorpion (D:5)
  3 iguanas
  2 orc wizards (D:5)
  3 adders
  A shadow imp (D:5)
  3 white imps
  4 dart slugs
  12 orcs
  3 endoplasms
  9 giant cockroaches
  4 goblins
  4 hobgoblins
  3 jackals (D:2)
  A quokka (D:3)
  2 ball pythons (D:2)
  2 bats (D:2)
  4 frilled lizards
  5 kobolds
  2 rats (D:1)
72 creatures vanquished.

Vanquished Creatures (others)
  2 withered plants (D:4)
2 creatures vanquished.

Grand Total: 74 creatures vanquished

Notes
Turn   | Place    | Note
-------+----------+-------------------------------------------
     0 | D:1      | Nospoo the Demonspawn Necromancer began the quest for the
                  | Orb.
     0 | D:1      | Reached XP level 1. HP: 13/13 MP: 3/3
   159 | D:1      | You fall into a shaft and drop 1 floor!
  1075 | D:1      | Gained mutation: You are partially covered in thin metallic
                  | scales. (AC +2) [demonic ancestry]
  1075 | D:1      | Reached XP level 2. HP: 19/19 MP: 3/5
  1111 | D:1      | Reached skill level 5 in Necromancy
  1350 | D:1      | Reached skill level 1 in Fighting
  1717 | D:1      | Found a faded altar of an unknown god.
  2042 | D:2      | Reached XP level 3. HP: 24/27 MP: 6/6
  2624 | D:3      | Found Kautyrrena's Book Boutique.
  2828 | D:3      | Identified the +1 ring mail of Necraetsamu {+Blink rPois
                  | Str+4}
  2863 | D:3      | Learned a level 3 spell: Vampiric Draining
  3342 | D:4      | Gained mutation: You have a pair of small antennae on your
                  | head. [demonic ancestry]
  3342 | D:4      | Reached XP level 4. HP: 33/33 MP: 7/7
  3501 | D:4      | Identified the +1 robe of Yredelemnul, Flying {rC+ Regen+
                  | Int+3}
  3524 | D:4      | Found an ancient bone altar of Kikubaaqudgha.
  3590 | D:4      | Became a worshipper of Kikubaaqudgha
  4207 | D:5      | Entered Level 5 of the Dungeon
  4319 | D:5      | Gained mutation: You regenerate a little health from kills.
                  | [demonic ancestry]
  4319 | D:5      | Reached XP level 5. HP: 27/38 MP: 9/9
  4417 | D:5      | Noticed an ice beast
  4426 | D:5      | Killed an ice beast
  4427 | D:5      | Reached skill level 6 in Necromancy
  4485 | D:5      | Reached XP level 6. HP: 28/44 MP: 11/11
  4739 | D:5      | Noticed Eustachio
  4921 | D:5      | Reached skill level 7 in Necromancy
  6492 | D:6      | Noticed a human
  6492 | D:6      | Noticed a human
  6494 | D:6      | Noticed a human
  6596 | D:6      | Reached * piety under Kikubaaqudgha
  6596 | D:6      | Received a gift from Kikubaaqudgha
  6608 | D:6      | Noticed a human
  6635 | D:6      | Killed a human
  6636 | D:6      | Reached skill level 8 in Necromancy
  6636 | D:6      | Reached XP level 7. HP: 37/50 MP: 13/13
  6746 | D:6      | Found a staircase to the Ecumenical Temple.
  6850 | D:5      | HP: 2/51 [phantom (3)]
  6942 | D:6      | Slain by a human

Illustrated notes

Levels and vault maps discovered:
D:1:      elethiomel_arrival_infinity_welcomes_careful_drivers,
          layout_loops_corners, chequers_ecumenical_altar_simple_redux
D:2:      layout_basic
D:3:      layout_basic, serial_shops, shop
D:4:      layout_basic, kiku_gazebo_garden_becter
D:5:      minmay_chambers_of_fours, layout_basic, nicolae_figureground_sparkle,
          uniq_eustachio
D:6:      layout_loops_ring, nemelex_xobeh_ov_fountains_minmay,
          trog_ov_bears_minmay, minmay_temple_entry_statues_fountains,
          hex_medium, minmay_ruffians, uniq_prince_ribbit1, uniq_edmund

Skill      XL: |  1  2  3  4  5  6  7 |
---------------+----------------------+-----
Necromancy     | 5 6 8 |  8.0
Fighting       | 1 2 3 |  3.5
Spellcasting   | 3 4 |  4.0
Dodging        | |  1.7
Stealth        | |  1.7

Action                   |  1- 3 |  4- 6 |  7- 9 || total
-------------------------+-------+-------+-------++-------
Melee: Hand axe          |    40 |       |       ||    40
       Short sword       |    82 |       |    17 ||    99
       Punch             |     3 |     1 |       ||     4
       Dagger            |     5 |   158 |    43 ||   206
 Cast: Necrotize         |    17 |     4 |       ||    21
  Use: Scroll            |       |     1 |       ||     1
       Potion            |       |       |     2 ||     2
 Stab: Sleeping          |     2 |       |       ||     2
Armor: Robe              |    43 |       |       ||    43
       Ring mail         |    13 |   102 |    24 ||   139
Dodge: Dodged            |   119 |   119 |    35 ||   273

Table legend: (Time is in decaauts)
 A = Elapsed time spent in this place.
 B = Non-inter-level travel time spent in this place.
 C = Inter-level travel time spent in this place.
 D = Time resting spent in this place.
 E = Time spent auto-exploring this place.
 F = Levels seen in this place.
 G = Mean time per level.
                   A        B        C        D        E       F      G
               +--------+--------+--------+--------+--------+-----+--------+
         Total |   6962 |   6692 |    270 |   2230 |   3476 |   6 | 1160.3 |
       Dungeon |   6962 |   6692 |    270 |   2230 |   3476 |   6 | 1160.3 |
               +--------+--------+--------+--------+--------+-----+--------+

Top non-repeatable levels by time:
     D:4: 1916 daAuts
     D:1: 1465 daAuts
     D:5: 1430 daAuts
     D:2: 1171 daAuts
     D:3: 645 daAuts
     D:6: 333 daAuts
